Mandevil, chaotic female orcish Rogue ----------------------------------------------------- |........().........................................| |.----------.--.---...----------------------------..| |.|----- |.|--- |...|.............(............|..| ##### |.||...| ---[|.|---...|..(.....)..).<...............| *#ho#####*# ** |.||...--|...[.|....---..........[...............|).|.##``#T#########** |.||.....|-.-..|....|..............).....).......|..|..` ##### ##`# |.|----..|..|..---..------------------------------..|-. #` |.| |..|..|....|..%..%.......%.))^)......%........|... |.| |..|..|-----..------ --- -----------------..|.... |.-----..---|.......|----------------------- |..|..... |...........|----.--|......................| |..|...... ------------|...|.| --------------------.|.-------..|.....| -------------.{.|.|---------------------.|..........|.....| |...............|.-.........%..%.))......|-------------..-- |.---------------.|---------------------.|................. |.................| |.................. ------------------- ------------------ Mandevil the Rogue Experience level: 9 Strength: 20 Dexterity: 18 Constitution: 17 Intelligence: 8 Wisdom: 13 Charisma: 11 Health: 0(109) Energy: 50(50) Def: 13 Gold: 0 Moves: 12647 Dungeon seed: RhvjH1Q1HBJa6o9n Game ID: Mandevil_1623393474 Your Inventory: Amulets j - an uncursed amulet of reflection Weapons a - an uncursed +1 dagger b - 10 uncursed +0 orcish daggers v - an uncursed +0 dagger of searching G - 30 uncursed +0 daggers (in quiver) S - 2 blessed +0 daggers T - 2 cursed +0 daggers Armor c - an uncursed +0 orcish helm (being worn) p - an uncursed +0 pair of leather gloves (being worn) q - an uncursed +0 elven mithril-coat (being worn) x - a blessed +1 pair of low boots (being worn) D - an uncursed +0 pair of fumble boots I - a cursed +0 dwarvish cloak (being worn) Comestibles i - 2 uncursed food rations E - an uncursed tripe ration Scrolls H - 3 uncursed scrolls of blank paper J - a blessed scroll of blank paper Rings A - an uncursed ring of cold immunity (on right hand) O - an uncursed ring of see invisible P - an uncursed ring of teleport control W - an uncursed +2 ring of increase damage Y - an uncursed +4 ring of gain strength (on left hand) Z - a cursed -2 ring of increase accuracy Wands d - an uncursed wand of light (0:8) f - an uncursed wand of summoning (0:4) l - an uncursed wand of undead turning (0:4) o - an uncursed wand of striking (0:5) s - a blessed wand of striking (0:2) K - an uncursed wand of cold (0:0) L - an uncursed wand of digging (0:5) N - an uncursed wand of lightning (0:1) Q - an uncursed wand of sleep (0:6) U - an uncursed wand of sleep (0:7) Tools e - an uncursed +0 pick-axe g - an uncursed oil lamp (0:1269) k - an uncursed skeleton key m - a cursed magic lamp (lit) t - an uncursed stethoscope w - an uncursed magic whistle R - an uncursed towel Gems C - an uncursed flint stone Spells and supernatural/magical abilities: Name Level Category Cost Memory a - force bolt 1 attack 1000pw 82% u - confuse monster 2 enchantment 2000pw 84% z - sleep 1 enchantment 1000pw 93% U - detect unseen 3 divination 3000pw 83% W - pray for help -- divine ? -- Your skills at the end: Fighting Skills wands [Basic] Weapon Skills dagger [Expert] short sword [Basic] Spellcasting Skills Final Attributes: You were piously aligned. You were fire resistant. You were immune to cold. You were immune to poison. You were telepathic. You had infravision. You were stealthy. You were protected. You were slow. You last prayed 6665 turns ago. Kos was pleased with you. You are dead. Vanquished creatures: a baby white dragon 2 giant mimics a wumpus a fire vortex a long worm a troll a sasquatch a pyrolisk a dwarf king a tengu a leocrotta a pit viper a leather golem 3 crocodiles a giant beetle a panther a spotted jelly 10 leprechauns an orc-captain an iron piercer 3 giant spiders a horse 2 gnome kings 2 orc mummies a dwarf mummy 3 gold golems a werewolf a dingo a housecat 2 jaguars a dwarf lord 3 blue jellies a gray unicorn 2 ravens a plains centaur a gnome mummy a snake an ape a human zombie a rope golem a quasit a wood nymph a Mordor orc 2 rock piercers 7 rock moles 2 ponies 2 fog clouds 2 yellow lights 2 shriekers a violet fungus 22 gnome lords 7 gnomish wizards 4 kobold mummies a black naga hatchling 2 gray oozes 8 elf zombies 3 straw golems 2 paper golems a baby crocodile 10 giant ants 2 little dogs 6 floating eyes 3 kittens 20 dwarves 4 kobold shamans a hill orc 14 rothes 2 rabid rats 4 centipedes a giant bat 2 monkeys 2 orc zombies 2 wererats 6 iguanas 25 killer bees 3 acid blobs 2 coyotes 2 gas spores 7 hobbits 7 giant rats a cave spider a brown mold 3 yellow molds 2 green molds 3 red molds 58 gnomes a garter snake 2 gnome zombies 3 geckos 12 jackals 5 foxes 2 kobolds a goblin 10 sewer rats 10 grid bugs 2 bats 8 lichens 2 kobold zombies 6 newts 390 creatures vanquished. Voluntary challenges: You had been an atheist until turn 2129. You used a wielded weapon 621 times, starting on turn 164. You read items or engraved 19 times, starting on turn 1527. You never genocided any monsters. You never polymorphed an object. You changed form 1 time, starting on turn 11524. You used no wishes. You never split a pudding. You never wrote Elbereth's name. You never violated your personal moral code. Dungeon overview: The Dungeons of Doom: levels 1 to 9 Level 1 a fountain a long staircase Level 2 many fountains, a vault Level 3 a wand shop, a fountain, a vault stairs to The Gnomish Mines Level 4 a vault Level 5 a weapon shop, a fountain Level 6 an altar to Mog, a fountain Level 7 Level 8 many fountains Level 9 stairs to Sokoban The Gnomish Mines: levels 4 to 11 Level 4 stairs to The Dungeons of Doom Level 5 Level 6 many shops, a temple to Kos, some fountains Level 7 Level 8 Level 9 Level 10 Level 11 <- You were here a fountain Sokoban: levels 5 to 8 Level 5 Solved Level 6 Solved Level 7 Solved Level 8 Solved stairs to The Dungeons of Doom History has recorded: On T:1 you entered the Dungeons of Doom to retrieve the Amulet of Yendor! On T:225 you reached level 2 of The Dungeons of Doom. On T:524 you reached level 3 of The Dungeons of Doom. On T:862 you advanced to experience level 2. On T:965 you reached level 1 of The Gnomish Mines. On T:976 you advanced to experience level 3. On T:1054 you reached level 2 of The Gnomish Mines. On T:1150 you advanced to experience level 4. On T:1493 you advanced to experience level 5. On T:2008 you reached level 3 of The Gnomish Mines. On T:2505 you advanced to experience level 6. On T:2813 you reached level 4 of The Dungeons of Doom. On T:3067 you reached level 5 of The Dungeons of Doom. On T:3420 you reached level 6 of The Dungeons of Doom. On T:3753 you reached level 7 of The Dungeons of Doom. On T:3916 you advanced to experience level 7. On T:4049 you reached level 8 of The Dungeons of Doom. On T:4249 you reached level 9 of The Dungeons of Doom. On T:4314 you reached level 4 of Sokoban. On T:5069 you reached level 3 of Sokoban. On T:5731 you advanced to experience level 8. On T:5881 you reached level 2 of Sokoban. On T:6604 you reached level 1 of Sokoban. On T:9126 you reached level 4 of The Gnomish Mines. On T:9539 you reached level 5 of The Gnomish Mines. On T:10113 you reached level 6 of The Gnomish Mines. On T:10380 you reached level 7 of The Gnomish Mines. On T:10428 you advanced to experience level 9. On T:11490 you reached level 8 of The Gnomish Mines. Score breakdown: Gold: 0 ( 0 points) Experience: 9 levels (15756 points) Exploration: 11 levels ( 21.57%) (13416 points) Discoveries: 25 items ( 8.59%) ( 8793 points) Valuables value: (no points given unless you survive) Artifact value: 0 ( 0 points) Variety of kills: 99 monsters ( 26.05%) (15312 points) Turncount: 12647 turns (-2725 points) Survival: died (score multiplied by 80%) Total score: 40441 Latest messages: You hit the troll! The troll hits! The troll misses. The troll bites! You hear some noises in the distance. The troll misses. The troll hits! The troll bites! The troll hits! (2x) The troll bites! You hear some noises in the distance. [3 turns] You hit the troll! The troll misses. (2x) The troll bites! The troll hits! The troll just misses! The troll bites! [2 turns] The troll picks up several items from the floor. The troll hits! You die... Final status: Goodbye Mandevil the Rogue, killed by a troll... You died in The Gnomish Mines on dungeon level 11 with 40441 points, and 0 pieces of gold, after 12647 moves. You were level 9 with a maximum of 109 hit points when you died.